 Dungeon Crawl Stone Soup version 0.28.0-47-ge53b351184 (webtiles) character file.

Game seed: 13561407330993530247

34 Icepheonix32 the Chiller (level 3, -2/24 HPs)
             Began as a Demonspawn Ice Elementalist on May 4, 2022.
             Slain by a kobold
             ... wielding a +2 dagger of venom
              (4 damage)
             ... on level 2 of the Dungeon.
             The game lasted 00:02:09 (2177 turns).

Icepheonix32 the Chiller (DsIE)                     Turns: 2177, Time: 00:02:10

Health: -2/24      AC:  5    Str:  8    XL:     3   Next: 14%
Magic:  6/6        EV: 12    Int: 18    God:
Gold:   73         SH:  0    Dex: 19    Spells: 5/6 levels left

rFire   . . .      SeeInvis .   m - +0 short sword
rCold   . . .      Faith    .   (no shield)
rNeg    . . .      Spirit   .   a - +0 robe
rPois   .          Reflect  .   (no helmet)
rElec   .          Harm     .   (no cloak)
rCorr   .          Rampage  .   (no gloves)
Will    .....                   f - +1 pair of boots
Stlth   ++........              (no amulet)
HPRegen 0.08/turn               e - +6 ring of dexterity
MPRegen 0.10/turn               (no ring)

@: lethally poisoned (-2 -> -19)
A: hooves 1, rugged brown scales 1
a: no special abilities


You were on level 2 of the Dungeon.
You visited 1 branch of the dungeon, and saw 2 of its levels.

You collected 73 gold pieces.

Inventory:

Hand Weapons
 c - a +0 whip
 d - a +0 dagger
 g - a +0 fustibalus
 m - a +0 short sword (weapon)
Armour
 a - a +0 robe (worn)
 f - a +1 pair of boots (worn)
Jewellery
 e - a +6 ring of dexterity (left hand)
Scrolls
 b - 4 scrolls of fear
 j - a scroll of enchant armour {unknown}
 l - a scroll of enchant weapon {unknown}
Potions
 i - a potion of might {unknown}
 k - a potion of haste {unknown}
 n - a potion of lignification {unknown}


   Skills:
 - Level 1.7 Dodging
 - Level 1.7 Stealth
 + Level 2.2 Spellcasting
 + Level 4.5 Ice Magic


You had 5 spell levels left.
You knew the following spells:

 Your Spells              Type           Power      Damage    Failure   Level
a - Freeze                Ice            72%        1d9       2%          1

Your spell library contained the following spells:

 Spells                   Type           Power      Damage    Failure   Level
 Frozen Ramparts          Ice            36%        1d5       9%          3
 Ozocubu's Armour         Ice            18%        N/A       9%          3
 Gell's Gravitas          Tloc           1%         N/A       47%         3
 Lesser Beckoning         Tloc           1%         N/A       47%         3
 Teleport Other           Tloc           1%         N/A       47%         3
 Hailstorm                Conj/Ice       10%        3d5       56%         4
 Metabolic Englaciation   Hex/Ice        5%         N/A       89%         5
 Simulacrum               Ice/Necr       5%         N/A       100%        6


Dungeon Overview and Level Annotations

Branches:
Dungeon (2/15)

Altars:


Innate Abilities, Weirdness & Mutations

You have large cloven feet.
You are partially covered in rugged brown scales. (AC +1, +3% HP)


Message History

Moving in this stuff is going to be slow.
You hit the kobold but do no damage. The kobold hits you but does no damage.
You are poisoned.
You hit the kobold but do no damage.
You feel very sick.
The kobold hits you with a +2 dagger of venom.
You are lethally poisoned!
You closely miss the kobold.
You feel very sick. The kobold closely misses you.
You closely miss the kobold.
You feel very sick.
The kobold hits you with a +2 dagger of venom.
* * * LOW HITPOINT WARNING * * *
You are more poisoned.
You are too injured to fight recklessly!
You are too injured to fight recklessly!
You are too injured to fight recklessly!
You are too injured to fight recklessly!
You are too injured to fight recklessly!
You are too injured to fight recklessly!
You are too injured to fight recklessly!
You are too injured to fight recklessly!
You are too injured to fight recklessly!
You are too injured to fight recklessly!
You are too injured to fight recklessly!
You are too injured to fight recklessly!
Unknown command.
You are too injured to fight recklessly!
Casting: Freeze (safe; 2% risk of failure)
Confirm with . or Enter, or press ? or * to list all spells.
Aiming: Freeze (safe; 2% risk of failure)
Press: ? - help, Shift-Dir - straight line, f - kobold
Aim: a kobold, wielding a +2 dagger of venom
Okay, then.
It was a potion of cancellation.
You feel magically purged.
* * * LOW HITPOINT WARNING * * *
You feel very sick.
The kobold hits you with a +2 dagger of venom.
You die...

####.###.##... #..........
########P......## #######
######...#..P≈.......# ......#
#.......PP≈≈≈≈≈.....##
#####.######.####P≈≈≈P♣♣≈≈...#.##
.............###..P♣♣♣♣♣♣≈≈......
####...###.#.....P≈≈♣ ♣≈≈P<##.##
###.###.###.####@P≈P♣♣♣♣≈≈P###.##
....# #.....# #KP≈≈♣♣≈♣≈PP###.##
###.###.##### #.#PP≈P≈P≈≈#......
##...###### #.##.PP.P###.##.##
#........... ..###PP......##.##
....#.######## ..# ########.##.##
......# ..# #.##.## ####### #..#
#.##.## #......


You could see a kobold.

Vanquished Creatures
  3 ball pythons (D:1)
  2 endoplasms (D:1)
  4 goblins (D:1)
  A hobgoblin (D:1)
  8 jackals
  2 quokkas (D:1)
  4 bats
  3 kobolds
  3 rats (D:1)
30 creatures vanquished.

Notes
Turn   | Place    | Note
-------+----------+-------------------------------------------
     0 | D:1      | Icepheonix32 the Demonspawn Ice Elementalist began the
                  | quest for the Orb.
     0 | D:1      | Reached XP level 1. HP: 13/13 MP: 3/3
   552 | D:1      | Reached skill level 4 in Ice Magic
   574 | D:1      | Gained mutation: You have large cloven feet. [demonic
                  | ancestry]
   574 | D:1      | Reached XP level 2. HP: 19/19 MP: 3/5
  1100 | D:1      | Found a faded altar of an unknown god.
  1229 | D:1      | Gained mutation: You are partially covered in rugged brown
                  | scales. (AC +1, +3% HP) [demonic ancestry]
  1229 | D:1      | Reached XP level 3. HP: 19/24 MP: 6/6
  2177 | D:2      | Slain by a kobold

Illustrated notes

Levels and vault maps discovered:
D:1:      heliophobic_arrival_dark_side_of_the_moon, layout_loops_ring,
          dreamdust_ecumenical_altar_angels_and_demons, minmay_misc_feat_cross,
          minmay_misc_feat_columns
D:2:      layout_loops_ring, serial_bayou_pond_c,
          chequers_serial_rivers_large_a, grunt_ministairs_11,
          kennysheep_cluttered_room

Skill      XL: |  1 |
---------------+----+-----
Ice Magic      | 4 |  4.5
Dodging        | |  1.7
Stealth        | |  1.7
Spellcasting   | |  2.2

Action                   || total
-------------------------++-------
Melee: Dagger            ||    72
       Whip              ||     5
       Punch             ||     1
       Short sword       ||    22
 Cast: Freeze            ||    24
  Use: Scroll            ||     1
       Potion            ||     1
 Stab: Sleeping          ||     3
Armor: Robe              ||    40
Dodge: Dodged            ||    94
